 Dungeon Crawl Stone Soup version 0.21-a0-47-g7c8f537 (webtiles) character file.

70 Duffy the Magician (level 4, -13/24 HPs)
             Began as a Deep Elf Wizard on June 8, 2017.
             Mangled by a two-headed ogre
             ... wielding a +0 giant club
              (22 damage)
             ... on level 2 of the Dungeon.
             The game lasted 00:02:42 (1165 turns).

Duffy the Magician (Deep Elf Wizard)                Turns: 1165, Time: 00:02:43

Health: -13/24     AC:  3    Str:  4    XL:     4   Next: 4%
Magic:  3/13       EV: 13    Int: 24    God:
Gold:   45         SH:  0    Dex: 13    Spells: 5/14 levels left

rFire    . . .     SeeInvis .   (no weapon)
rCold    . . .     Gourm    .   (no shield)
rNeg     . . .     Faith    .   a - +0 robe
rPois    .         Spirit   .   b - +0 hat
rElec    .         Reflect  .   (no cloak)
rCorr    .         Harm     .   g - +0 pair of gloves
MR       .....                  (no boots)
Stlth    ++........             (no amulet)
Regen    0.1/turn               (no ring)
MPRegen  0.2/turn               (no ring)

@: no status effects
A: no striking features
a: no special abilities


You were on level 2 of the Dungeon.
You were not hungry.

You visited 1 branch of the dungeon, and saw 4 of its levels.

You collected 45 gold pieces.

Inventory:

Missiles
 i - 6 curare-tipped needles
Armour
 a - a +0 robe (worn)
 b - a +0 hat (worn)
 g - a +0 pair of gloves (worn)
Potions
 e - a potion of curing {unknown}
 h - 2 potions of heal wounds {unknown}
Books
 c - a book of Minor Magic

   Spells                             Type                      Level
   a - Magic Dart                     Conjuration                  1
   b - Blink                          Translocation                2
   c - Call Imp                       Summoning                    2
   d - Slow                           Hexes                        2
   e - Conjure Flame                  Conjuration/Fire             3
   f - Mephitic Cloud                 Conjuration/Poison/Air       3
Comestibles
 d - 3 bread rations
 f - 2 meat rations


   Skills:
 - Level 2.4 Dodging
 - Level 2.4 Stealth
 + Level 5.6 Spellcasting
 + Level 3.2 Conjurations
   Level 1.1 Summonings
 - Level 1.1 Translocations


You had 5 spell levels left.
You knew the following spells:

 Your Spells              Type           Power        Failure   Level  Hunger
a - Magic Dart            Conj           ###.         2%          1    None
c - Mephitic Cloud        Conj/Pois/Air  ##......     16%         3    #......
l - Conjure Flame         Conj/Fire      ##......     13%         3    #......
B - Blink                 Tloc           N/A          8%          2    None


Dungeon Overview and Level Annotations

Branches:
Dungeon (4/15)
 Temple: D:4-7

Altars:


Message History

Aim: a two-headed ogre, wielding a giant club and a giant spiked club (heavily wounded)
Okay, then.
Casting: Conjure Flame
Confirm with . or Enter, or press ? or * to list all spells.
Aiming: Mephitic Cloud
Press: ? - help, Shift-Dir - straight line, f - two-headed ogre
Aim: a two-headed ogre, wielding a giant club and a giant spiked club (heavily wounded)
You miscast Mephitic Cloud.
Nothing appears to happen.
There is a stone staircase leading up here.
The two-headed ogre misses you. The two-headed ogre closely misses you.
You climb upwards.
There is a stone staircase leading down here.
There is an open door here.
Your magical contamination has completely faded away.
Casting: Mephitic Cloud
Confirm with . or Enter, or press ? or * to list all spells.
You blink.
The two-headed ogre hits you with a giant club!!
Ouch! That really hurt!
You die...

.##.###.......##
##..# ##.....##
##.# ##...## #.#
##'## #.# #.#
#.# #.# #.#
##.##########.#
##...#.O0......#
#.....@#########
##...#.# ##.##.#
######.##.#
...........#
.######.#### #.#
#.# #.#


You could see a two-headed ogre.

Vanquished Creatures
  A bullfrog skeleton (D:4)
  An adder (D:3)
  An ooze (D:2)
  2 dart slugs
  6 orcs (D:3)
  A ball python (D:1)
  A bat (D:3)
  3 hobgoblins
  A frilled lizard (D:3)
  3 goblins
  2 rats
22 creatures vanquished.

Notes
Turn   | Place    | Note
-------+----------+-------------------------------------------
     0 | D:1      | Duffy the Deep Elf Wizard began the quest for the Orb.
     0 | D:1      | Reached XP level 1. HP: 10/10 MP: 7/7
   216 | D:2      | Reached XP level 2. HP: 11/15 MP: 2/9
   295 | D:2      | Learned a level 2 spell: Blink
   507 | D:3      | Noticed a two-headed ogre
   534 | D:3      | Reached skill level 5 in Spellcasting
   562 | D:3      | Reached XP level 3. HP: 9/19 MP: 0/11
   725 | D:3      | Learned a level 3 spell: Conjure Flame
   729 | D:3      | Learned a level 3 spell: Mephitic Cloud
  1056 | D:3      | Reached XP level 4. HP: 24/24 MP: 11/13
  1165 | D:2      | Mangled by a two-headed ogre

Vault maps used:
D:1:      evilmike_arrival_plus, serial_glass, glass_columns_b, glass_columns_a,
          glass_columns_a, glass_columns_c, glass_columns_a, glass_columns_b,
          glass_columns_b, glass_columns_a, minmay_strange_pillars,
          item_on_display_a
D:2:      led_sif_pool, first_bread
D:4:      minmay_temple_entry_metal_lava, evilmike_ruin_ashenzari

Skill      XL: |  1  2  3 |
---------------+----------+-----
Conjurations   | 2 3 |  3.2
Spellcasting   | 5 |  5.6
Dodging        | |  2.4
Stealth        | |  2.4
Summonings     | |  1.1
Translocations | |  1.1

Action                   |  1- 3 |  4- 6 || total
-------------------------+-------+-------++-------
 Cast: Magic Dart        |    51 |     5 ||    56
       Conjure Flame     |     4 |     2 ||     6
       Mephitic Cloud    |     1 |     1 ||     2
       Blink             |       |     2 ||     2
  Eat: Chunk             |       |     1 ||     1
Armor: Robe              |     3 |       ||     3
Dodge: Dodged            |    12 |     3 ||    15
